 Dungeon Crawl Stone Soup version 0.24-a0-779-g36f0aeb843 (webtiles) character file.

Game seed: 2607658611154122133, levelgen mode: deterministic

55 Kohma the Shield-Bearer (level 3, -9/31 HPs)
             Began as a Minotaur Fighter on Oct 8, 2019.
             Killed by nerve-wracking pain
             ... invoked by Grinder
              (13 damage)
             ... on level 3 of the Dungeon.
             The game lasted 00:02:43 (1141 turns).

Kohma the Shield-Bearer (Minotaur Fighter)          Turns: 1141, Time: 00:02:44

Health: -9/31      AC:  7    Str: 26    XL:     3   Next: 67%
Magic:  2/2        EV:  7    Int:  5    God:
Gold:   104        SH: 10    Dex:  9    Spells: 2/2 levels left

rFire    . . .     SeeInvis .   a - +0 war axe
rCold    . . .     Gourm    .   c - +0 shield
rNeg     . . .     Faith    .   b - +0 scale mail
rPois    .         Spirit   .   (helmet restricted)
rElec    .         Reflect  .   (no cloak)
rCorr    .         Harm     .   (no gloves)
MR       .....                  (no boots)
Stlth    ..........             (no amulet)
HPRegen  0.10/turn              (no ring)
MPRegen  0.08/turn              (no ring)

@: mighty
A: retaliatory headbutt, horns 2
a: no special abilities


You were on level 3 of the Dungeon.
You were not hungry.

You visited 1 branch of the dungeon, and saw 3 of its levels.

You collected 104 gold pieces.

Inventory:

Hand Weapons
 a - a +0 war axe (weapon)
 k - a +2 hand axe of freezing
Missiles
 i - 35 bolts
 p - 13 poisoned darts (quivered)
Armour
 b - a +0 scale mail (worn)
 c - a +0 shield (worn)
 e - a +0 chain mail
Jewellery
 l - a cursed ring of attention {unknown}
 s - a cursed ring of attention {unknown}
Scrolls
 j - a scroll of teleportation {unknown}
 m - 2 scrolls of immolation {unknown}
 o - a scroll of noise {unknown}
 q - a scroll of fog {unknown}
 r - 2 scrolls of identify {unknown}
 t - a scroll of random uselessness {unknown}
Potions
 h - a potion of curing {unknown}
 n - a potion of flight {unknown}
Comestibles
 f - 3 rations
 g - 9 chunks of flesh


   Skills:
 - Level 3.6 Fighting
 * Level 3.9 Axes
 + Level 4.2 Armour
 + Level 4.2 Shields


You had 2 spell levels left.
You didn't know any spells.
Your spell library was empty.

Dungeon Overview and Level Annotations

Branches:
Dungeon (2/15)

Altars:

Annotations:
D:3 Grinder


Innate Abilities, Weirdness & Mutations

You reflexively headbutt those who attack you in melee.
You have a pair of horns on your head.


Message History

Grinder says, "Tell me all your secrets, or I'll kill you."
Grinder gestures at you.
You suddenly lose the ability to move!
Grinder blinks!
You can move again.
Things that are here:
a +0 short sword; a kobold corpse Grinder gestures at you.
Pain shoots through your body!
You feel very mighty all of a sudden. Grinder hits you.
You writhe in agony.
You slash Grinder! Your headbutt misses Grinder.
Grinder is moderately wounded.
Grinder hits you.
You writhe in agony.
Grinder hits you!
* * * LOW HITPOINT WARNING * * *
You closely miss Grinder. You headbutt Grinder!
Grinder is severely wounded.
Grinder gestures at you. Pain shoots through your body!
You die...

#.##.##.#
#...<##.######
.#####..........#
................#
>#####..........#
#..........#
##.......รท.#
#.5...)...#
#>@#.######
#....# #.#..#
#.##.# #)#### #.#
#.# #.# ...


You could see Grinder.

Vanquished Creatures
  2 adders (D:2)
  2 worms (D:2)
  A dart slug (D:1)
  3 giant cockroaches (D:1)
  2 goblins
  7 hobgoblins
  3 bats (D:1)
  5 frilled lizards (D:1)
  3 kobolds
  A rat (D:2)
29 creatures vanquished.

Notes
Turn   | Place    | Note
-------+----------+-------------------------------------------
     0 | D:1      | Kohma the Minotaur Fighter began the quest for the Orb.
     0 | D:1      | Reached XP level 1. HP: 19/19 MP: 0/0
   122 | D:1      | Reached XP level 2. HP: 26/26 MP: 1/1
   816 | D:2      | Reached XP level 3. HP: 24/31 MP: 2/2
  1096 | D:2      | You fall into a shaft and drop 1 floor!
  1128 | D:3      | Noticed Grinder
  1129 | D:3      | Paralysed by Grinder for 5 turns
  1141 | D:3      | Killed from afar by Grinder

Levels and vault maps discovered:
D:1:      scummos_arrival_gate, layout_basic, minmay_parallelograms
D:2:      layout_basic
D:3:      layout_rooms, uniq_natasha, uniq_terence, uniq_jessica, uniq_grinder

Skill      XL: |  1  2 |
---------------+-------+-----
Axes           | 3 |  3.9
Armour         | 4 |  4.2
Shields        | 4 |  4.2
Fighting       | |  3.6

Action                   || total
-------------------------++-------
Melee: War axe           ||    72
       Headbutt          ||    16
  Use: Potion            ||     1
  Eat: Chunk             ||     1
Armor: Scale mail        ||    24
Dodge: Dodged            ||    24
Block: Shield            ||    32

Table legend:
 A = Non-vault XP
 B = Vault XP
 C = Vault XP percentage of total XP
 D = Non-vault monster count
 E = Vault monster count
 F = Vault count percentage of total count
                 A         B        C        D         E       F
            +---------+---------+-------+---------+---------+-------
      Total |      79 |       0 |   0.0 |      29 |       0 |   0.0
            +---------+---------+-------+---------+---------+-------
        D:1 |      28 |       0 |   0.0 |      17 |       0 |   0.0
        D:2 |      46 |       0 |   0.0 |       9 |       0 |   0.0
        D:3 |       5 |       0 |   0.0 |       3 |       0 |   0.0
            +---------+---------+-------+---------+---------+-------
